 Dungeon Crawl Stone Soup version 0.26-a0-259-g1effd001a9 (webtiles) character file.

Game seed: 8565184307540770285

31 vurker the Sneak (level 3, 16/28 HPs)
             Began as a Demonspawn Brigand on July 17, 2020.
             Quit the game on level 2 of the Dungeon.
             The game lasted 00:01:08 (780 turns).

vurker the Sneak (Demonspawn Brigand)                Turns: 780, Time: 00:01:09

Health: 16/28      AC:  3    Str: 12    XL:     3   Next: 7%
Magic:  3/3        EV: 13    Int: 12    God:
Gold:   47         SH:  0    Dex: 14    Spells: 2/2 levels left

rFire    . . .     SeeInvis .   a - +2 dagger
rCold    . . .     Faith    .   (no shield)
rNeg     . . .     Spirit   .   b - +0 robe
rPois    .         Reflect  .   (no helmet)
rElec    .         Harm     .   c - +0 cloak
rCorr    .                      (no gloves)
MR       .....                  (no boots)
Stlth    ++........             (no amulet)
HPRegen  0.09/turn              (no ring)
MPRegen  0.08/turn              (no ring)

@: no status effects
A: repulsion field 1, demonic guardian 1
a: no special abilities


You were on level 2 of the Dungeon.
You were not hungry.

You visited 1 branch of the dungeon, and saw 2 of its levels.

You collected 47 gold pieces.

Inventory:

Hand Weapons
 a - a +2 dagger (weapon)
Missiles
 d - 21 poisoned darts (quivered)
 f - 2 curare-tipped darts
Armour
 b - a +0 robe (worn)
 c - a +0 cloak (worn)
Scrolls
 g - 3 scrolls of identify {unknown}
 i - a scroll of immolation {unknown}
 j - a scroll of remove curse {unknown}
Potions
 h - 2 potions of curing {unknown}
 k - a potion of flight {unknown}
Comestibles
 e - 2 rations


   Skills:
 + Level 2.9 Fighting
 - Level 1.7 Short Blades
 + Level 2.6 Throwing
 - Level 0.8 Dodging
 - Level 3.6 Stealth


You had 2 spell levels left.
You didn't know any spells.
Your spell library was empty.

Dungeon Overview and Level Annotations

Branches:
Dungeon (2/15)

Altars:


Innate Abilities, Weirdness & Mutations

You are surrounded by a mild repulsion field. (EV +2)
A weak demonic guardian rushes to your aid.


Message History

You closely miss the goblin.
The leopard gecko hisses menacingly.
The goblin barely misses you.
You barely miss the goblin. You hit the leopard gecko.
The goblin barely misses you. The leopard gecko closely misses you.
You hit the leopard gecko but do no damage.
The goblin barely misses you.
The leopard gecko bites you but does no damage.
You hit the leopard gecko. The goblin hits you with a +0 dagger.
The leopard gecko closely misses you.
You hit the leopard gecko.
You kill the leopard gecko!
You have reached level 3!
Your experience leads to an increase in your attributes!
Increase (S)trength, (I)ntelligence, or (D)exterity?
You feel stronger.
Your demonic ancestry asserts itself...
You feel the presence of a demonic guardian.
The goblin hits you with a +0 dagger.
You hit the kobold. The goblin misses you. The kobold closely misses you.
You hit the kobold. The goblin hits you but does no damage.
The kobold barely misses you.
You hit the kobold but do no damage. The goblin hits you but does no damage.
The kobold closely misses you.
You barely miss the kobold. The goblin hits you with a +0 dagger.
The kobold hits you.
You barely miss the kobold. The kobold misses you.
The goblin barely misses you.
You hit the kobold.
You kill the kobold!
The goblin closely misses you.
You barely miss the goblin. You closely miss the goblin.
The goblin barely misses you.
You hit the goblin. The goblin hits you but does no damage.
You hit the goblin.
You kill the goblin!
No target in view!
No target in view!
No target in view!
No target in view!
No target in view!
No target in view!
No target in view!
No target in view!
No target in view!
No target in view!
No target in view!
No target in view!
No target in view!
No target in view!

..... .... ###
. #...
..#####..
#...###........
..............
# #..##†)......
#.##.##@#
#.......#
####.#### #.#
#.# ########<#
.........#
##########


There were no monsters in sight!

Vanquished Creatures
  3 leopard geckos
  2 bats (D:1)
  2 giant cockroaches (D:1)
  5 goblins
  4 hobgoblins (D:1)
  5 kobolds
  3 frilled lizards (D:1)
24 creatures vanquished.

Notes
Turn   | Place    | Note
-------+----------+-------------------------------------------
     0 | D:1      | vurker the Demonspawn Brigand began the quest for the Orb.
     0 | D:1      | Reached XP level 1. HP: 16/16 MP: 1/1
   195 | D:1      | Gained mutation: You are surrounded by a mild repulsion
                  | field. (EV +2) [demonic ancestry]
   195 | D:1      | Reached XP level 2. HP: 23/23 MP: 2/2
   769 | D:2      | Gained mutation: A weak demonic guardian rushes to your
                  | aid. [demonic ancestry]
   769 | D:2      | Reached XP level 3. HP: 25/28 MP: 3/3
   780 | D:2      | Quit the game

Illustrated notes

Levels and vault maps discovered:
D:1:      tarquinn_simple_flora_water_d, layout_loops_ring
D:2:      layout_loops_cross, first_ration

Skill      XL: |  1 |
---------------+----+-----
Throwing       | 2 |  2.6
Fighting       | |  2.9
Short Blades   | |  1.7
Dodging        | |  0.8
Stealth        | |  3.6

Action                   || total
-------------------------++-------
Melee: Dagger            ||    84
 Stab: Sleeping          ||     6
Armor: Robe              ||    24
Dodge: Dodged            ||    66

Table legend:
 A = Non-vault XP
 B = Vault XP
 C = Vault XP percentage of total XP
 D = Non-vault monster count
 E = Vault monster count
 F = Vault count percentage of total count
                 A         B        C        D         E       F
            +---------+---------+-------+---------+---------+-------
      Total |      45 |       0 |   0.0 |      24 |       0 |   0.0
            +---------+---------+-------+---------+---------+-------
        D:1 |      38 |       0 |   0.0 |      21 |       0 |   0.0
        D:2 |       7 |       0 |   0.0 |       3 |       0 |   0.0
            +---------+---------+-------+---------+---------+-------
